AoeStats
← LittleMeatBoy

Highland

504742345Analyzed
2v2 RM · 25d ago on Sep 6, 2026· 27m 2s· 4 players
Game mode
Random Map
Map size
Medium (4 player)
Population
200
Speed
Normal
Resources
Standard
Victory
Conquest
Starting age
Dark Age
Ending age
Imperial Age
RankedLock teamsTeams togetherTeam positionsShared explorationLock speedFull tech treeHidden civsTurbo modeCheats
Victory
Defeat
🇦🇷 Burgundians · Argentina
853
+17
🇦🇷 Ethiopians · Argentina
852
+17
🇮🇹 Slavs · Italy
894
-18
🇩🇰 Dravidians · Denmark
846
-16
sweetsean
10:09 Feudal Age
12:23 Double-Bit Axe
14:09 Fletching
18:43 Gold Mining
19:32 Stone Mining
19:30 Horse Collar
21:27 Forging
24:10 Castle Age
24:26 Crossbowman
25:14 Squires
LittleMeatBoy
9:59 Feudal Age
8:48 Double-Bit Axe
14:39 Forging
19:45 Scale Mail Armor
22:02 Castle Age
20:58 Arson
24:42 Pikeman
#Babbish
12:26 Feudal Age
19:03 Castle Age
20:34 Wheelbarrow
Gimmopr0
10:56 Feudal Age
11:59 Double-Bit Axe
16:21 Loom
18:37 Castle Age
Connection lost

Rejoining the realm…

Still unreachable

The connection could not be restored.

Session expired

The server has moved on; the page needs a fresh start.